 Dungeon Crawl Stone Soup version 0.20.0-8-g6b59dc7 (webtiles) character file.

1007 Stendarr the Destroyer (level 8, -2/41 HPs)
             Began as a Tengu Air Elementalist on May 31, 2017.
             Killed from afar by an orc wizard (3 damage)
             ... with a magic dart
             ... on level 6 of the Dungeon.
             The game lasted 00:16:28 (5722 turns).

Stendarr the Destroyer (Tengu Air Elementalist)     Turns: 5722, Time: 00:16:29

Health: -2/41      AC:  5    Str: 13    XL:     8   Next: 20%
Magic:  12/12      EV: 14    Int: 17    God:
Gold:   204        SH:  0    Dex: 14    Spells: 2/11 levels left

rFire    + . .     SeeInvis .   K - +1 whip (venom)
rCold    . . .     Gourm    .   (no shield)
rNeg     . . .     Faith    .   F - +2 leather armour {rF+}
rPois    +         Spirit   .   (helmet restricted)
rElec    .         Reflect  .   (no cloak)
rCorr    .         Harm     .   (no gloves)
MR       .....                  (boots unavailable)
Stlth    ++........             (no amulet)
Regen    0.2/turn               r - +3 ring of strength
MPRegen  0.2/turn               H - ring of poison resistance

@: no status effects
A: beak, talons 3, able to fly 1
a: Fly


You were on level 6 of the Dungeon.
You were not hungry.

You visited 1 branch of the dungeon, and saw 6 of its levels.

You collected 204 gold pieces.

Inventory:

Hand Weapons
 f - a +1 dagger of electrocution
 k - a +0 glaive
 K - a +1 whip of venom (weapon)
Missiles
 J - 35 poisoned needles
Armour
 F - a +2 leather armour of fire resistance (worn)
Jewellery
 r - a +3 ring of strength (left hand)
 w - an uncursed ring of ice
 A - an uncursed ring of fire
 B - an uncursed ring of fire
 D - an uncursed ring of ice
 H - a ring of poison resistance (right hand)
Wands
 I - a wand of paralysis (15/24)
Scrolls
 e - 2 scrolls of teleportation {unknown}
 i - 3 scrolls of identify {unknown}
 j - 4 scrolls of magic mapping {unknown}
 l - 4 scrolls of immolation {unknown}
 m - 4 scrolls of remove curse {unknown}
 n - 2 scrolls of recharging {unknown}
 p - a scroll of fear {unknown}
 q - 3 scrolls of enchant armour {unknown}
 u - a scroll of fog {unknown}
 y - a scroll of enchant weapon {unknown}
 G - 2 scrolls of blinking {unknown}
Potions
 d - a potion of ambrosia {unknown}
 g - 2 potions of lignification {unknown}
 h - 2 potions of degeneration {unknown}
 o - 3 potions of mutation {unknown}
 s - 2 potions of might {unknown}
 v - a potion of brilliance {unknown}
 z - 3 potions of curing {unknown}
 C - 3 potions of cancellation {unknown}
 E - a potion of berserk rage {unknown}
Books
 a - a book of Geomancy

   Spells                             Type                      Level
   a - Sandblast                      Earth                        1
   b - Passwall                       Transmutation/Earth          2
   c - Stone Arrow                    Conjuration/Earth            3
   d - Petrify                        Transmutation/Earth          4
   e - Lee's Rapid Deconstruction     Earth                        5
 b - a book of Air

   Spells                             Type                      Level
   a - Shock                          Conjuration/Air              1
   b - Swiftness                      Charms/Air                   2
   c - Static Discharge               Conjuration/Air              3
   d - Airstrike                      Air                          4
   e - Lightning Bolt                 Conjuration/Air              5
Comestibles
 c - 7 bread rations
 t - 2 royal jellies
 x - 7 fruits


   Skills:
 + Level 2.8 Armour
 + Level 5.2 Dodging
 - Level 2.0 Stealth
 - Level 2.0 Spellcasting
 * Level 8.0 Conjurations
 + Level 7.2 Air Magic


You had 2 spell levels left.
You knew the following spells:

 Your Spells              Type           Power        Failure   Level  Hunger
a - Shock                 Conj/Air       ####         1%          1    #......
b - Static Discharge      Conj/Air       ####....     3%          3    ###....
c - Lightning Bolt        Conj/Air       ####......   30%         5    ######.


Dungeon Overview and Level Annotations

Branches:
Dungeon (6/15)
 Temple: D:4-7

Altars:
Ru
Sif Muna
Vehumet

Shops:
D:5 }


Innate Abilities, Weirdness & Mutations

You have a beak for a mouth.
You have claws for feet.
You can fly.


Message History

Confirm with . or Enter, or press ? or * to list all spells.
The orc warrior is struck by lightning.
You kill the orc warrior!
Your Conjurations skill increases to level 8!
The lightning grounds out.
Things that are here:
an enchanted long sword; a shiny chain mail You start resting.
An orc wizard comes into view. It is wielding a dagger.
An orc wizard is nearby!
The orc wizard shouts!
The orc wizard points at you and mumbles some strange words.
The puff of flame hits you! You resist.
* * * LOW HITPOINT WARNING * * *
The orc wizard gestures at you while chanting.
The magic dart hits you!
* * * LOW HITPOINT WARNING * * *
The orc wizard casts a spell at you. The magic dart hits you!
You die...

#............##
##...o........#
##............
###........##
##.......#
#.####### #.#
#.# #@#
####.#####
###........#
#..........#
#..........#
#..........#
#..........#
#..........#
##)........#


You could see an orc wizard.

Vanquished Creatures
  An orc warrior (D:6)
  A centaur (D:5)
  An ogre (D:4)
  A big kobold (D:5)
  A bullfrog (D:6)
  A bullfrog skeleton (D:5)
  2 orc priests
  3 orc wizards (D:5)
  2 centaur skeletons
  Jessica (D:2)
  An iguana (D:5)
  3 worker ants (D:5)
  Robin (D:4)
  4 gnolls (D:5)
  9 adders
  A shadow imp (D:5)
  2 worms
  A dart slug (D:1)
  7 leopard geckos
  13 orcs
  3 giant cockroaches
  20 goblins
  7 hobgoblins
  6 jackals
  13 kobolds
  A ball python (D:3)
  5 bats
  8 frilled lizards
  A leopard gecko skeleton (D:5)
  10 rats
130 creatures vanquished.

Vanquished Creatures (others)
  6 fungi (D:5)
  A plant (D:5)
7 creatures vanquished.

Grand Total: 137 creatures vanquished

Notes
Turn   | Place    | Note
-------+----------+-------------------------------------------
     0 | D:1      | Stendarr the Tengu Air Elementalist began the quest for the Orb.
     0 | D:1      | Reached XP level 1. HP: 10/10 MP: 4/4
   358 | D:1      | Reached XP level 2. HP: 10/15 MP: 1/6
   569 | D:1      | Reached skill level 2 in Conjurations
   922 | D:2      | Reached XP level 3. HP: 19/19 MP: 7/7
  1113 | D:2      | Noticed Jessica
  1123 | D:2      | Reached skill level 3 in Conjurations
  1126 | D:2      | Killed Jessica
  1126 | D:2      | Reached skill level 5 in Air Magic
  1126 | D:2      | Reached XP level 4. HP: 17/24 MP: 0/8
  1694 | D:2      | Reached skill level 4 in Conjurations
  1791 | D:2      | Gained mutation: You can fly. [Tengu growth]
  1791 | D:2      | Reached XP level 5. HP: 23/28 MP: 9/9
  2027 | D:2      | Found a deep blue altar of Sif Muna.
  2961 | D:3      | Found a sacrificial altar of Ru.
  3579 | D:4      | Reached skill level 5 in Conjurations
  3579 | D:4      | Reached XP level 6. HP: 17/32 MP: 7/10
  3971 | D:4      | Noticed Robin
  3974 | D:4      | Killed Robin
  4026 | D:4      | Learned a level 3 spell: Static Discharge
  4032 | D:4      | Learned a level 5 spell: Lightning Bolt
  4073 | D:4      | Found a radiant altar of Vehumet.
  4143 | D:5      | Entered Level 5 of the Dungeon
  4216 | D:5      | Reached skill level 6 in Conjurations
  4372 | D:5      | Reached XP level 7. HP: 33/36 MP: 6/11
  4478 | D:5      | Found Wilaz's Gadget Boutique.
  4562 | D:5      | Reached skill level 1 in Armour
  4716 | D:5      | Reached skill level 7 in Conjurations
  5196 | D:5      | Reached skill level 5 in Dodging
  5257 | D:5      | Reached XP level 8. HP: 41/41 MP: 8/12
  5691 | D:6      | Reached skill level 8 in Conjurations
  5720 | D:6      | HP: 1/41 [orc wizard/magic dart (5)]
  5722 | D:6      | Killed from afar by an orc wizard

Skill      XL: |  1  2  3  4  5  6  7  8 |
---------------+-------------------------+-----
Conjurations   | 2 3 4 5 6 7 8 |  8.0
Dodging        | 3 4 5 |  5.2
Air Magic      | 5 6 7 |  7.2
Armour         | 2 |  2.8
Stealth        | |  2.0
Spellcasting   | |  2.0

Action                   |  1- 3 |  4- 6 |  7- 9 || total
-------------------------+-------+-------+-------++-------
Melee: Dagger            |    28 |   103 |    25 ||   156
       Unarmed           |     5 |       |       ||     5
       Kick              |     9 |    18 |    27 ||    54
       Peck              |     4 |    12 |     9 ||    25
       Whip              |       |       |    34 ||    34
 Cast: Shock             |    18 |    74 |    36 ||   128
       Static Discharge  |       |       |     1 ||     1
 Stab: Sleeping          |     4 |     2 |       ||     6
       Distracted        |     1 |       |     1 ||     2
  Eat: Chunk             |     1 |    11 |     5 ||    17
Armor: Robe              |     6 |    13 |       ||    19
       Leather armour    |       |     3 |     5 ||     8
Dodge: Dodged            |    20 |    79 |    49 ||   148
